 Dungeon Crawl Stone Soup version 0.23.2-1-ga50397a6bc (webtiles) character file.

Game seed: 8353453411062835288

28 Strategiusz the Digger (level 3, -1/35 HPs)
             Began as an Ogre Earth Elementalist on Apr 27, 2019.
             Slain by a gnoll
             ... wielding a +0 spear
              (7 damage)
             ... on level 2 of the Dungeon.
             The game lasted 00:10:07 (949 turns).

Strategiusz the Digger (Ogre Earth Elementalist)     Turns: 949, Time: 00:10:11

Health: -1/35      AC:  3    Str: 13    XL:     3   Next: 12%
Magic:  2/6        EV:  5    Int: 16    God:
Gold:   35         SH:  0    Dex:  9    Spells: 5/6 levels left

rFire    . . .     SeeInvis .   (no weapon)
rCold    . . .     Gourm    .   (no shield)
rNeg     . . .     Faith    .   c - +0 robe
rPois    .         Spirit   .   (helmet restricted)
rElec    .         Reflect  .   (no cloak)
rCorr    .         Harm     .   (gloves unavailable)
MR       .....                  (boots unavailable)
Stlth    +.........             (no amulet)
HPRegen  0.11/turn              (no ring)
MPRegen  0.10/turn              (no ring)

@: lethally poisoned (-1 -> -9), held
A: large, unfitting armour, tough skin 1
a: no special abilities


You were on level 2 of the Dungeon.
You were not hungry.

You visited 1 branch of the dungeon, and saw 2 of its levels.

You collected 35 gold pieces.

Inventory:

Missiles
 b - 43 stones (quivered)
Armour
 c - a +0 robe (worn)
Scrolls
 a - 3 scrolls of identify {unknown}
 e - a scroll of teleportation {unknown}
 g - a scroll of blinking {unknown}
 h - a scroll of amnesia {unknown}
 i - a scroll of remove curse {unknown}
Potions
 j - a potion of flight {unknown}
Comestibles
 d - 2 rations
 f - a chunk of flesh


   Skills:
 + Level 1.9 Fighting
 - Level 1.7 Dodging
 - Level 1.4 Stealth
 - Level 2.4 Spellcasting
   Level 0.8 Transmutations
 * Level 3.4 Earth Magic


You had 5 spell levels left.
You knew the following spells:

 Your Spells              Type           Power        Failure   Level  Hunger
a - Sandblast             Erth           ##....       4%          1    #......

Your spell library contained the following spells:

 Spells                   Type           Power        Failure   Level  Hunger
 Passwall                 Tmut/Erth      #.......     12%         2    ###....
 Stone Arrow              Conj/Erth      #.....       28%         3    ###....
 Petrify                  Tmut/Erth      #.......     63%         4    #####..
 Lee's Rapid Deconstruct  Erth           ##........   80%         5    ######.


Dungeon Overview and Level Annotations

Branches:
Dungeon (2/15)

Altars:


Innate Abilities, Weirdness & Mutations

You are too large for most types of armour.
You have tough skin. (AC +1)


Message History

You can't do that while held in a net.
Casting: Sandblast (safe; 4% risk of failure)
Confirm with . or Enter, or press ? or * to list all spells.
Aiming: Sandblast (safe; 4% risk of failure)
Press: ? - help, Shift-Dir - straight line, f - adder
Aim: an adder The blast of sand hits the adder.
The adder is heavily wounded.
b - 43 stones The kobold shouts!
You feel sick. The adder completely misses you.
The kobold hits you but does no damage. The gnoll hits you but does no damage.
You struggle against the net.
The adder bites you but does no damage. The adder bites you.
* * * LOW HITPOINT WARNING * * *
You are more poisoned.
The adder poisons you! The kobold hits you with a +0 whip.
* * * LOW HITPOINT WARNING * * *
The gnoll hits you from afar with a +0 spear!
You die...

.... ....# ....
..... . .K.#
##.... . ..
...##...###..
...###...........
..............###
K.......rK.......
.........@#
........gSS...#
.........g..K....
.#........#......
#..........#....
......r...###....
........... ...
.S.......... ..


You could see 2 gnolls, 2 adders, 2 quokkas and 3 kobolds.

Vanquished Creatures
  2 gnolls
  2 hobgoblins (D:1)
  4 bats (D:1)
  A frilled lizard (D:1)
  A kobold (D:1)
  3 rats (D:1)
13 creatures vanquished.

Notes
Turn   | Place    | Note
-------+----------+-------------------------------------------
     0 | D:1      | Strategiusz the Ogre Earth Elementalist began the quest for
                  | the Orb.
     0 | D:1      | Reached XP level 1. HP: 16/16 MP: 3/3
     6 | D:1      | Noticed a swamp drake
     6 | D:1      | Noticed a black bear
     6 | D:1      | Noticed a salamander
   503 | D:1      | Reached skill level 1 in Fighting
   503 | D:1      | Reached skill level 3 in Earth Magic
   598 | D:1      | Reached XP level 2. HP: 27/27 MP: 1/5
   947 | D:2      | Reached XP level 3. HP: 15/35 MP: 3/6
   949 | D:2      | Slain by a gnoll

Skill      XL: |  1 |
---------------+----+-----
Fighting       | 1 |  1.9
Earth Magic    | 3 |  3.4
Dodging        | |  1.7
Stealth        | |  1.4
Spellcasting   | |  2.4
Transmutations | |  0.8

Action                   || total
-------------------------++-------
Melee: Unarmed           ||     7
Throw: Stone             ||     3
 Cast: Sandblast         ||    20
Armor: Robe              ||     9
Dodge: Dodged            ||    10
